 Dungeon Crawl Stone Soup version 0.20-a0-983-g35de22d (webtiles) character file.

32308 Rrauwl the Cruncher (level 13, -2/99 HPs)
             Began as a Bultungin Arcane Marksman on Apr 10, 2017.
             Was an Elder of Okawaru.
             Slain by a spiny frog (17 damage)
             ... on level 4 of the Lair of Beasts.
             The game lasted 01:52:14 (19646 turns).

Rrauwl the Cruncher (Bultungin Arcane Marksman)    Turns: 19646, Time: 01:52:14

Health: -2/99      AC: 11    Str: 11    XL:     13   Next: 63%
Magic:  25/25      EV: 16    Int: 16    God:    Okawaru [****..]
Gold:   546        SH:  0    Dex: 15    Spells: 20/28 levels left

rFire    . . .     SeeInvis +   b - +0 hand crossbow
rCold    + . .     Gourm    .   (no shield)
rNeg     + . .     Faith    .   p - +0 acid dragon scales
rPois    +         Spirit   .   s - +1 helmet
rElec    .         Reflect  .   H - +0 cloak {rPois}
rCorr    +         Harm     .   (no gloves)
MR       .....                  (no boots)
Stlth    +++.......             (no amulet)
Regen    0.3/turn               l - ring of protection from cold
MPRegen  0.2/turn               r - ring of positive energy

@: no status effects
A: short attention span, fangs 1, see invisible, blink, mutation resistance 1,
strong nose
a: Blink, Heroism, Renounce Religion


You were on level 4 of the Lair of Beasts.
You worshipped Okawaru.
Okawaru was greatly pleased with you.
You were not hungry.

You visited 3 branches of the dungeon, and saw 13 of its levels.
You also visited: Ossuary.

You collected 707 gold pieces.
You spent 161 gold pieces at shops.

Inventory:

Hand Weapons
 a - a +5 quarterstaff of chaos
 b - a +0 hand crossbow (weapon)
Missiles
 d - 117 bolts (quivered)
Armour
 p - +0 acid dragon scales (worn)
 s - a +1 helmet (worn)
 H - a +0 cloak of poison resistance (worn)
Magical Staves
 q - an uncursed staff of cold
Jewellery
 l - a ring of protection from cold (left hand)
 r - a ring of positive energy (right hand)
 F - an uncursed ring of stealth
Wands
 i - a wand of paralysis (22/24)
 m - a wand of enslavement (20/24)
 w - a wand of acid (7/15)
 y - a wand of lightning (8/15)
 D - a wand of flame (35/48)
 J - a wand of random effects (20/48)
Scrolls
 c - a scroll of magic mapping
 e - 2 scrolls of teleportation
 g - 11 scrolls of identify
 j - 3 scrolls of fog
 t - 2 scrolls of remove curse
 u - a scroll of recharging
Potions
 h - a potion of invisibility
 k - 2 potions of cancellation
 n - a potion of resistance
 A - a potion of haste
 B - a potion of berserk rage
 C - 2 potions of curing
 E - 4 potions of flight
Miscellaneous
 v - a phial of floods
Comestibles
 f - 10 bread rations
 o - 7 royal jellies
 G - 2 meat rations
 I - 4 chunks of flesh


   Skills:
 + Level 8.5 Fighting
 - Level 9.1 Staves
 + Level 8.3 Crossbows
 + Level 8.2 Armour
 + Level 8.4 Dodging
 - Level 8.0 Stealth
 + Level 8.3 Spellcasting
 + Level 8.3 Hexes
 + Level 8.1 Summonings
   Level 7.6 Necromancy
 + Level 8.2 Translocations
 + Level 8.1 Fire Magic
 + Level 8.3 Invocations
 + Level 8.3 Evocations


You had 20 spell levels left.
You knew the following spells:

 Your Spells              Type           Power        Failure   Level  Hunger
a - Inner Flame           Hex/Fire       ####....     1%          3    #......
b - Portal Projectile     Hex/Tloc       ####..       1%          3    #......
c - Apportation           Tloc           ####..       1%          1    None
d - Summon Small Mammal   Summ           ####         1%          1    None


Dungeon Overview and Level Annotations

Branches:
Dungeon (8/15)             Temple (1/1) D:5            Lair (4/6) D:8
  Swamp (0/4) Lair:4       Spider (0/4) Lair:2

Altars:
Ashenzari
Cheibriados
Dithmenos
Elyvilon
Fedhas
Gozag
Hepliaklqana
Kikubaaqudgha
Makhleb
Nemelex Xobeh
Okawaru
Qazlal
Ru
Sif Muna
Trog
Uskayaw
Vehumet
Wu Jian
Xom
Yredelemnul
Zin
The Shining One

Shops:
D:6 [*:


Innate Abilities, Weirdness & Mutations

You have a short attention span.
You have very sharp teeth.
You have supernaturally acute eyesight. (SInv)
Your uncanny sense of smell can sniff out nearby items.
You can translocate small distances at will.
You are somewhat resistant to further mutation.


Message History

Press: ? - help, Shift-Dir - straight line, f - blink frog
Aim: a blink frog (severely wounded)
You shoot a bolt. The bolt barely misses the blink frog.
The blink frog blinks!
Firing (i - inventory):
d - 120 bolts (quivered)
Press: ? - help, Shift-Dir - straight line, f/p - blink frog
Aim: a blink frog (severely wounded)
You shoot a bolt. The bolt hits the blink frog.
The blink frog is almost dead.
Firing (i - inventory):
d - 119 bolts (quivered)
Press: ? - help, Shift-Dir - straight line, f/p - blink frog
Aim: a blink frog (almost dead)
You shoot a bolt. The bolt barely misses the blink frog.
The blink frog blinks!
The spiny frog stings you but does no damage.
Firing (i - inventory):
d - 118 bolts (quivered)
Press: ? - help, Shift-Dir - straight line, f/p - blink frog
Aim: a blink frog (almost dead)
You shoot a bolt. The bolt barely misses the spiny frog.
The bolt completely misses the blink frog.
The blink frog blinks!
The spiny frog stings you!
You die...

......P.....#####............>..#
##....'P##.## ######.###+P#.###
#####...##.# #########....#.#
####..### #.#...P####...##
###.#....### #........(.(..#
###..#####.#.## #.............#
#P............####...........(.##
..............##...........(....#
.............>..@F.....§.......#.
P#............#.#................
##..............##..#...##P....#.
###...P...≈≈≈≈≈≈.######[###.P.#.#
#.#.......≈≈≈≈≈≈≈.P ###.....###
#.#..###.≈≈≈≈≈≈≈≈.## #....###
#.......≈≈≈≈≈≈≈≈≈≈# ####.P....#
+.......≈≈≈≈≈≈≈≈≈≈# #P§.....F.#
........≈≈≈≈.≈≈≈ ####...§.....#


You could see a spiny frog.

Vanquished Creatures
  Fannar (Lair:3)
  A two-headed ogre (D:8)
  5 death yaks (Lair:2)
  A wolf spider (Lair:1)
  7 elephants
  3 black mambas
  9 spiny frogs
  A rime drake (Lair:1)
  4 komodo dragons
  A jumping spider (Lair:1)
  3 polar bears (Lair:1)
  12 blink frogs
  7 dream sheep
  A raiju (Lair:1)
  A redback (Lair:2)
  3 hippogriffs (Lair:2)
  4 wyverns
  28 yaks
  4 basilisks
  A hungry ghost (D:7)
  A soldier ant (shapeshifter) (Lair:2)
  Edmund (D:4)
  6 water moccasins
  An acid dragon (Lair:1)
  8 porcupines
  An orc warrior (D:3)
  An ice beast (D:8)
  A sky beast (D:7)
  5 black bears
  2 phantoms
  3 centaurs
  4 ogres
  A boggart (D:6)
  A necrophage (D:7)
  6 wolves
  7 crocodiles
  8 big kobolds
  An elf zombie (D:5)
  14 bullfrogs
  4 scorpions
  30 killer bees
  3 wights (D:6)
  4 electric eels
  3 howler monkeys (D:7)
  A centaur zombie (Ossuary)
  2 bullfrog zombies
  A crimson imp (D:5)
  2 hounds
  2 orc priests (D:7)
  Crazy Yiuf (D:2)
  3 human zombies
  A gnoll shaman (D:7)
  3 orc wizards
  A human skeleton (D:5)
  4 iguanas
  Terence (D:2)
  8 worker ants
  A big kobold zombie (Ossuary)
  2 hound zombies (Ossuary)
  3 mummies (Ossuary)
  20 gnolls
  9 adders
  2 river rats (Lair:2)
  A shadow imp (D:7)
  3 adder zombies
  A dart slug (D:2)
  4 leopard geckos
  24 orcs
  6 bats
  11 giant cockroaches
  29 goblins
  23 hobgoblins
  9 jackals
  6 quokkas
  2 ball pythons
  A frilled lizard (shapeshifter) (D:5)
  4 frilled lizards
  A giant cockroach zombie (D:5)
  A gnoll zombie (Ossuary)
  3 goblin zombies (Ossuary)
  3 hobgoblin zombies (Ossuary)
  7 jackal zombies (Ossuary)
  20 kobolds
  4 kobold zombies (Ossuary)
  2 orc skeletons (D:5)
  An orc zombie (D:5)
  3 quokka zombies
  6 rats (D:1)
  7 rat zombies (Ossuary)
  A fungus (Lair:1)
463 creatures vanquished.

Vanquished Creatures (collateral kills)
  A spiny frog (Lair:2)
  A polar bear (Lair:1)
  A black bear (Lair:1)
  2 wolves (Lair:1)
5 creatures vanquished.

Vanquished Creatures (others)
  A queen bee (Lair:2)
  A water moccasin (Lair:2)
  8 fungi
  16 plants
26 creatures vanquished.

Grand Total: 494 creatures vanquished

Notes
Turn   | Place    | Note
-------+----------+-------------------------------------------
     0 | D:1      | Rrauwl the Bultungin Arcane Marksman began the quest for the Orb.
     0 | D:1      | Reached XP level 1. HP: 15/15 MP: 3/3
    63 | D:1      | Reached skill level 1 in Armour
    63 | D:1      | Reached XP level 2. HP: 13/22 MP: 4/4
   503 | D:2      | Reached XP level 3. HP: 28/28 MP: 6/6
   534 | D:2      | Learned a level 3 spell: Portal Projectile
   717 | D:2      | Noticed Terence
   723 | D:2      | Killed Terence
   723 | D:2      | Reached XP level 4. HP: 29/34 MP: 6/8
   763 | D:2      | Found a runed door.
   843 | D:2      | Gained mutation: You are somewhat resistant to further mutation. [potion of mutation]
   843 | D:2      | Gained mutation: You can translocate small distances at will. [potion of mutation]
  1073 | D:2      | Noticed Crazy Yiuf
  1080 | D:2      | Killed Crazy Yiuf
  1134 | D:3      | Reached skill level 1 in Translocations
  1134 | D:3      | Reached XP level 5. HP: 41/41 MP: 10/10
  1190 | D:3      | Noticed an orc warrior
  1206 | D:3      | Killed an orc warrior
  1206 | D:3      | Reached skill level 1 in Staves
  1206 | D:3      | Reached XP level 6. HP: 11/47 MP: 11/11
  1674 | D:3      | Found a white marble altar of Elyvilon.
  2056 | D:4      | Reached skill level 5 in Hexes
  2161 | D:4      | Learned a level 1 spell: Apportation
  2168 | D:4      | Noticed Edmund
  2180 | D:4      | Killed Edmund
  2180 | D:4      | Reached skill level 2 in Staves
  2180 | D:4      | Reached skill level 5 in Dodging
  2362 | D:4      | Reached XP level 7. HP: 53/53 MP: 13/13
  2475 | D:4      | Reached skill level 5 in Crossbows
  2722 | D:4      | Reached skill level 3 in Staves
  3324 | D:5      | Entered Level 5 of the Dungeon
  3419 | D:5      | Reached XP level 8. HP: 59/61 MP: 15/15
  3463 | D:5      | Found a sand-covered staircase.
  3468 | D:5      | Reached skill level 5 in Fighting
  3482 | Ossuary  | Entered an ossuary
  3540 | Ossuary  | Reached skill level 5 in Spellcasting
  3908 | D:5      | Found a shadowy altar of Dithmenos.
  3943 | D:5      | Reached skill level 1 in Evocations
  4162 | D:5      | Reached skill level 4 in Staves
  4625 | D:5      | Reached skill level 5 in Armour
  4857 | D:5      | Found a staircase to the Ecumenical Temple.
  4863 | Temple   | Entered the Ecumenical Temple
  4927 | Temple   | Became a worshipper of Warmaster Okawaru
  5093 | D:6      | Found a glowing golden altar of the Shining One.
  5306 | D:6      | Reached XP level 9. HP: 60/69 MP: 18/18
  5653 | D:6      | Found Omeok's Armour Emporium.
  5658 | D:6      | Found Beedomugue's General Store.
  5662 | D:6      | Bought a potion of might for 56 gold pieces
  5662 | D:6      | Bought a scroll of blinking for 105 gold pieces
  5783 | D:6      | Found Kumar's Book Emporium.
  6117 | D:6      | Reached skill level 5 in Staves
  6142 | D:6      | Reached * piety under Okawaru
  6142 | D:6      | Reached skill level 5 in Translocations
  6798 | D:7      | Reached skill level 1 in Invocations
  6809 | D:7      | Reached skill level 6 in Staves
  6830 | D:7      | Reached skill level 5 in Evocations
  6842 | D:7      | Reached ** piety under Okawaru
  6848 | D:7      | Reached XP level 10. HP: 35/79 MP: 20/20
  7437 | D:7      | Found a shimmering altar of Xom.
  8379 | D:8      | Reached skill level 7 in Staves
  8411 | D:8      | Noticed a two-headed ogre
  8458 | D:8      | Killed a two-headed ogre
  8458 | D:8      | Reached *** piety under Okawaru
  8458 | D:8      | Reached skill level 5 in Invocations
  8748 | D:8      | Found a staircase to the Lair.
  9162 | Lair:1   | Entered Level 1 of the Lair of Beasts
  9207 | Lair:1   | Reached **** piety under Okawaru
  9207 | Lair:1   | Reached skill level 5 in Stealth
  9270 | Lair:1   | Learned a level 1 spell: Animate Skeleton
  9272 | Lair:1   | Learned a level 1 spell: Summon Small Mammal
  9523 | Lair:1   | Reached XP level 11. HP: 84/84 MP: 21/21
  9576 | Lair:1   | Reached skill level 1 in Summonings
  9576 | Lair:1   | Reached skill level 1 in Necromancy
  9868 | Lair:1   | Received a gift from Okawaru
 10675 | Lair:1   | Reached ***** piety under Okawaru
 11713 | Lair:2   | Killed a black mamba
 11713 | Lair:2   | Received a gift from Okawaru
 12039 | Lair:2   | Found a hole to the Spider Nest.
 12724 | Lair:1   | Reached XP level 12. HP: 84/92 MP: 20/23
 12749 | Lair:1   | Reached skill level 8 in Staves
 13654 | Lair:2   | Reached skill level 5 in Necromancy
 13743 | Lair:2   | Reached skill level 5 in Summonings
 14327 | Lair:2   | Received a gift from Okawaru
 15267 | Lair:1   | Learned a level 3 spell: Inner Flame
 15346 | Lair:2   | Reached skill level 1 in Fire Magic
 15463 | Lair:2   | Received a gift from Okawaru
 15736 | Lair:2   | Reached skill level 5 in Fire Magic
 16063 | Lair:2   | Noticed a death yak
 16084 | Lair:2   | Noticed a death yak
 16085 | Lair:2   | Noticed a death yak
 16085 | Lair:2   | Noticed a death yak
 16102 | Lair:2   | Killed a death yak
 16102 | Lair:2   | Reached XP level 13. HP: 98/98 MP: 19/25
 16165 | Lair:2   | Reached skill level 9 in Staves
 16170 | Lair:2   | Noticed an entropy weaver
 16170 | Lair:2   | a death yak changed into an entropy weaver
 17340 | Lair:3   | Got a faintly glowing ring mail
 17703 | Lair:3   | Got a dazzling ring mail
 18091 | Lair:3   | Noticed Fannar
 18183 | Lair:3   | Killed Fannar
 18973 | Lair:4   | Received a gift from Okawaru
 19242 | Lair:4   | Found a staircase to the Swamp.
 19260 | Lair:4   | Identified the +1 ring mail "Gylom" {Regen+} (You found it on level 3 of the Lair of Beasts)
 19270 | Lair:4   | Identified the cursed +0 ring mail of Kommyru {rElec Int-2 Stlth+} (You found it on level 3 of the Lair of Beasts)
 19646 | Lair:4   | Slain by a spiny frog

Vault maps used:
D:1:      dpeg_arrival_tiny_a
D:2:      uniq_terence, uniq_crazy_yiuf_cottage
D:3:      first_bread, minivault_27, elyvilon_altar_3
D:4:      uniq_edmund
D:5:      lemuel_round_altar, minmay_temple_entry_enclosed_plants,
          nicolae_ossuary_entry_catacombs
D:6:      minmay_goblin_kobold_castle, serial_shops,
          nicolae_shop_temple_entry_statues_fountains, shop, shop,
          tso_metal_star
D:7:      lemuel_tele_altar
D:8:      david_lair_shrubbed
Temple:   dpeg_three_leaves_temple
Lair:1:   beast_lair_carwin_large_1, grunt_megastairs_4, lemuel_fruit_tree
Lair:2:   regret_index_bee_streams, spider_nest_entry_a,
          cheibrodos_lair_reptile_den
Lair:3:   nicolae_volcano_entry_hallway, uniq_fannar
Lair:4:   minmay_swamp_entry_eels, st_stairs_3, minivault_11,
          serial_bayou_shore_a, serial_bayou_shore_b, infiniplex_staircase_pool
Ossuary:  minmay_ossuary_two_tombs

Skill      XL: |  1  2  3  4  5  6  7  8  9 10 11 12 13 |
---------------+----------------------------------------+-----
Fighting       | 2 3 4 6 7 8 |  8.5
Armour         | 1 2 3 5 6 7 8 |  8.2
Spellcasting   | 2 3 4 6 7 8 |  8.3
Dodging        | 4 5 6 7 8 |  8.4
Translocations | 1 2 3 4 5 7 8 |  8.2
Crossbows      | 4 5 6 7 8 |  8.3
Staves         | 1 2 3 4 6 7 8 9 |  9.1
Hexes          | 5 6 7 8 |  8.3
Evocations     | 2 5 8 |  8.3
Invocations    | 2 7 8 |  8.3
Stealth        | 5 6 8 |  8.0
Summonings     | 3 8 |  8.1
Necromancy     | 3 7 |  7.6
Fire Magic     | 7 8 |  8.1

Action                   |  1- 3 |  4- 6 |  7- 9 | 10-12 | 13-15 || total
-------------------------+-------+-------+-------+-------+-------++-------
Melee: Quarterstaff      |       |    75 |   618 |   893 |   340 ||  1926
       Bite              |       |     9 |    69 |    85 |    39 ||   202
 Fire: Hand crossbow     |    92 |    17 |    25 |    67 |    25 ||   226
 Cast: Corona            |     1 |     1 |     1 |       |       ||     3
       Portal Projectile |       |       |     1 |       |       ||     1
       Summon Small Mamm |       |       |       |     2 |       ||     2
Invok: Heroism           |       |       |       |    15 |     5 ||    20
       Finesse           |       |       |       |     2 |     4 ||     6
Evoke: Wand              |       |       |       |     4 |     3 ||     7
  Use: Scroll            |       |     8 |     6 |    11 |     5 ||    30
       Potion            |       |     9 |     3 |     8 |       ||    20
 Stab: Paralysed         |       |     1 |     7 |    13 |     2 ||    23
       Sleeping          |       |     1 |       |     1 |     6 ||     8
       Confused          |       |       |     4 |     4 |     1 ||     9
       Petrifying        |       |       |     4 |     6 |     1 ||    11
       Distracted        |       |       |       |     3 |       ||     3
       Petrified         |       |       |       |     1 |     1 ||     2
  Eat: Chunk             |       |     4 |    11 |    21 |     5 ||    41
       Fruit             |       |     1 |     4 |     7 |     2 ||    14
       Meat ration       |       |       |       |     1 |       ||     1
       Royal jelly       |       |       |       |       |     2 ||     2
Armor: Ring mail         |    10 |    10 |       |       |       ||    20
       Acid dragon scale |       |     8 |   193 |   225 |    67 ||   493
Dodge: Dodged            |    17 |    45 |   422 |   600 |   220 ||  1304
